Map: Frozen Temple

Players

Lumiya

  • Race: Terran Terran
  • League: Diamond

Maru - Winner!

  • Race: Terran Terran
  • League: Master

VOD

Have the link to the VOD?

Description

Time

  • Played on: May 26, 2016, 11:23 p.m.
  • Length: 13:44
Show
View Real Time Build Order
Export as new Build Order

Lumiya Terran 

Build Orders: 1/1/1, Banshee Rush 

Get SALT Encoding   

  12  0:01  SCV  
  13  0:13  SCV  
  14  0:18  Supply Depot  
  14  0:25  SCV  
  15  0:31  Refinery  
  15  0:39  SCV  
  16  0:44  Barracks  
  16  0:52  SCV  
  17  1:04  SCV  
  18  1:16  SCV  
  19  1:31  Orbital Command  
  19  1:33  Marine, Supply Depot  
  19  1:37  Factory  
  20  1:41  Refinery  
  20  1:51  Marine  
  21  1:57  SCV  
  22  2:08  Marine  
  22  2:13  SCV  
  24  2:21  Starport, Hellion  
  26  2:25  SCV  
  26  2:28  Supply Depot  
  27  2:30  Marine  
  28  2:37  SCV  
  28  2:42  Factory Tech Lab  
  29  2:48  Marine  
  29  2:49  SCV  
  31  3:01  SCV  
  32  3:09  Banshee, Cloaking Field  
  32  3:11  Factory Tech Lab  
  36  3:13  SCV, Barracks Reactor  
  36  3:19  Supply Depot  
  36  3:25  SCV  
  37  3:37  SCV  
  38  3:44  Supply Depot  
  38  3:46  Command Center  
  38  3:50  SCV  
  38  3:52  Raven  
  41  3:57  Marine x2  
  41  4:00  Cyclone  
  47  4:06  Supply Depot  
  47  4:07  SCV  
  48  4:15  Marine x2  
  50  4:23  SCV  
  51  4:34  Siege Tank  
  53  5:00  Marine  
  53  5:01  Banshee  
  46  5:21  Marine, Siege Tank  
  45  5:26  SCV  
  46  5:29  Supply Depot  
  46  5:30  Supply Depot  
  46  5:35  Orbital Command, Barracks  
  46  5:36  Barracks  
  46  5:38  Barracks  
  46  5:42  SCV  
  47  5:43  Banshee  
  50  5:50  Orbital Command  
  50  5:52  Barracks Reactor  
  50  5:56  Siege Tank  
  53  6:37  Marine x2  
  53  6:38  Barracks Tech Lab, Barracks Reactor  
  55  6:59  Marine  
  55  7:00  Marine  
  54  7:04  Marine  
  54  7:05  Siege Tank  
  54  7:07  Barracks Reactor  
  58  7:13  SCV x2  
  58  7:15  Command Center  
  60  7:16  Marine x2, Starport Reactor, Refinery  
  60  7:19  Stimpack, Marine x2  
  60  7:22  Engineering Bay  
  64  7:25  SCV x2  
  64  7:26  Marine  
  67  7:34  Marine  
  68  7:39  SCV x2  
  68  7:40  Marine x3  
  68  7:44  Marine  
  73  7:51  SCV x2  
  72  7:54  Marine x3  
  72  7:58  Marine x3  
  70  8:12  Marine x3  
  66  8:13  Marine  
  66  8:16  Marine  
  66  8:19  Marine x2  
  72  8:20  Medivac x2, Siege Tank  
  72  8:24  SCV x2  
  81  8:29  Orbital Command  
  81  8:30  Marine x2  
  83  8:35  Missile Turret, Marine x3  
  83  8:39  Marine  
  87  8:42  Missile Turret  
  87  8:53  Marine  
  87  8:54  Marine x5  
  90  8:57  Medivac x2, Marine, Siege Tank  
  90  8:59  SCV  
  90  9:01  SCV x2  
  101  9:11  Refinery  
  101  9:13  Marine x2, SCV x2  
  101  9:14  Marine x3  
  108  9:17  SCV  
  109  9:26  Supply Depot  
  109  9:28  Terran Infantry Weapons Level 1  
  109  9:29  Supply Depot  
  109  9:32  SCV  
  109  9:36  Marine  
  98  9:45  Marine x4  
  84  9:46  Marine x2  
  84  9:52  SCV x3  
  91  10:02  Marine  
  91  10:03  Marine x2  
  94  10:14  Marine x4  
  90  10:15  Medivac x2, Siege Tank  
  90  10:20  Missile Turret, Marine  
  101  10:25  SCV x2  
  101  10:26  Marine x2, SCV  
  106  10:31  Marine  
  106  10:32  Marine  
  108  10:37  Marine x2  
  108  10:38  Marine  
  111  10:44  Marine  
  97  11:00  Marine x2  
  97  11:01  Marine x4  
  97  11:02  Marine  
  97  11:03  SCV x3  
  95  11:08  Missile Turret  
  95  11:09  Viking x2  
  95  11:14  Siege Tank  
  95  11:18  Marine x3  
  86  11:34  Marine x2  
  86  11:35  Marine x2  
  86  11:36  Marine  
  88  11:40  Marine x2  
  88  11:41  Viking x2  
  94  11:52  Marine  
  94  11:54  Marine x4  
  91  12:01  Marine  
  91  12:02  Marine  
  91  12:06  SCV x3  
  96  12:11  Marine x2  
  96  12:12  Viking  
  96  12:13  Viking  
  86  12:40  Marine x7  
  86  12:43  Siege Tank  
  84  12:55  Viking x2  
  84  12:57  Marine x2  
  84  12:58  Marine x5  
  93  13:15  Marine x3  
  93  13:16  Marine x2  
  93  13:21  Marine x2  
Show
View Real Time Build Order
Export as new Build Order

Maru Terran - Winner!

Build Orders: 1/1/1, Bio Tank 

Get SALT Encoding   

  12  0:01  SCV  
  13  0:13  SCV  
  14  0:21  Supply Depot  
  14  0:25  SCV  
  15  0:42  SCV  
  16  0:43  Barracks  
  16  0:47  Refinery  
  16  0:52  Refinery  
  16  0:56  SCV  
  17  1:13  SCV  
  18  1:25  SCV  
  19  1:32  Marine  
  20  1:33  Factory  
  20  1:37  Orbital Command  
  20  1:47  Supply Depot  
  20  1:50  Marine  
  21  2:03  SCV  
  22  2:14  Barracks Reactor  
  22  2:15  SCV  
  22  2:19  Starport, Factory Tech Lab  
  23  2:27  SCV  
  24  2:33  Supply Depot  
  24  2:40  SCV, Siege Tank  
  28  3:04  Marine  
  29  3:09  Medivac  
  29  3:12  Siege Tank  
  34  3:14  Supply Depot  
  34  3:22  Marine  
  35  3:27  Medivac  
  37  3:40  Viking  
  39  3:53  SCV  
  39  3:55  Command Center  
  40  3:56  Supply Depot  
  40  3:57  Viking  
  40  4:01  Marine  
  43  4:06  SCV  
  44  4:18  SCV  
  44  4:19  Marine  
  46  4:24  Viking  
  46  4:30  SCV  
  49  4:36  Marine  
  49  4:37  Viking  
  51  4:42  SCV  
  49  4:54  SCV  
  49  5:06  SCV  
  50  5:13  Orbital Command  
  50  5:14  Engineering Bay  
  43  5:19  SCV  
  38  5:25  Marine  
  41  5:37  SCV  
  41  5:41  Factory Tech Lab  
  41  5:42  Stimpack  
  38  5:43  Marine  
  38  5:47  SCV  
  38  5:49  Missile Turret, SCV  
  41  5:51  Missile Turret  
  41  5:59  SCV  
  41  6:01  SCV  
  41  6:03  Siege Tank  
  46  6:11  SCV  
  46  6:18  SCV  
  48  6:23  SCV  
  49  6:30  SCV  
  50  6:34  Marine  
  50  6:35  Siege Tank  
  50  6:38  Viking  
  56  6:42  Supply Depot  
  56  6:44  Supply Depot  
  56  6:56  Marine  
  56  6:57  SCV  
  57  7:10  SCV, Supply Depot  
  57  7:11  SCV  
  59  7:20  Marine  
  59  7:21  Siege Tank  
  63  7:22  Medivac x2  
  63  7:23  SCV x2  
  63  7:25  Missile Turret  
  69  7:35  SCV x2  
  71  7:38  Marine  
  72  7:47  SCV x2  
  74  7:53  Siege Tank  
  77  7:59  SCV  
  75  8:19  Marine, Combat Shields  
  76  8:21  SCV  
  76  8:22  Command Center  
  76  8:24  Refinery  
  76  8:25  Refinery  
  77  8:29  SCV  
  77  8:30  Engineering Bay  
  77  8:31  Barracks  
  77  8:32  Siege Tank  
  77  8:33  SCV  
  82  8:35  Barracks  
  82  8:38  Supply Depot  
  82  8:39  Supply Depot  
  82  8:41  SCV  
  82  8:43  Supply Depot  
  82  8:45  SCV  
  83  9:01  Marine  
  83  9:02  Medivac x2  
  88  9:03  SCV x2  
  88  9:05  Terran Infantry Weapons Level 1  
  88  9:08  Terran Infantry Armor Level 1  
  90  9:15  SCV x2  
  92  9:18  Marine  
  93  9:27  SCV x2  
  86  9:48  Marine  
  86  9:50  Barracks Reactor  
  86  9:51  Barracks Reactor  
  86  9:52  Siege Tank  
  90  9:53  Medivac x2  
  90  9:54  Orbital Command  
  94  10:00  Armory  
  94  10:01  SCV  
  94  10:03  Supply Depot  
  94  10:04  Barracks  
  94  10:05  Barracks  
  94  10:06  Marine  
  96  10:23  Medivac  
  96  10:24  Marine  
  99  10:30  Marine x2  
  99  10:33  Marine  
  99  10:34  Medivac, Marine, Siege Tank  
  108  10:38  Orbital Command  
  108  10:41  Marine, SCV  
  110  10:48  Marine x2  
  112  10:51  Marine x2  
  112  10:53  SCV  
  109  11:05  SCV  
  109  11:08  Marine  
  109  11:09  Marine x4  
  109  11:10  Siege Tank  
  124  11:12  Barracks Reactor  
  124  11:13  Barracks Reactor  
  122  11:25  Terran Infantry Weapons Level 2  
  118  11:26  Factory  
  118  11:27  Terran Vehicle Weapons Level 1  
  115  11:43  Marine x3  
  115  11:44  Marine, Siege Tank  
  120  11:56  SCV  
  120  11:57  Marine x2  
  120  11:58  Marine x3, Refinery  
  120  11:59  Medivac, Refinery  
  120  12:01  Marine x4  
  129  12:03  Supply Depot  
  129  12:07  Supply Depot  
  129  12:08  Barracks, Supply Depot x2  
  132  12:11  Barracks, Supply Depot  
  132  12:12  Factory Tech Lab  
  132  12:15  Marine  
  132  12:18  Marine  
  132  12:21  Siege Tank  
  130  12:44  Marine x4  
  130  12:45  Marine x5, Siege Tank  
  130  12:46  Medivac  
  144  12:53  Siege Tank  
  147  13:02  Marine x7  
  153  13:13  Orbital Command  
  153  13:31  Barracks Reactor  
Tags
 
Composition
Bio Tank
Matchup
TvT
Opening
1/1/11/1/1
Race
Terran
Strategy
Banshee Rush
Add a new tag
Caveats
  • Supply blocks, unpowered buildings, or Contaminate may cause inaccurate times.
  • Supply counts are checked every 10 seconds.